 Dungeon Crawl Stone Soup version 0.29-a0-100-g60f898f876 (webtiles) character file.

Game seed: 3144585560288418868

5 cyrus the Skirmisher (level 1, 0/18 HPs)
             Began as a Merfolk Fighter on Feb 15, 2022.
             Slain by a quokka (2 damage)
             ... on level 1 of the Dungeon.
             The game lasted 00:00:51 (316 turns).

cyrus the Skirmisher (Merfolk Fighter)               Turns: 316, Time: 00:00:52

Health: 0/18       AC:  6    Str: 16    XL:     1   Next: 80%
Magic:  1/1        EV: 10    Int:  7    God:
Gold:   0          SH:  4    Dex: 13    Spells: 0/0 levels left

rFire   . . .      SeeInvis .   a - +0 trident
rCold   . . .      Faith    .   c - +0 buckler
rNeg    . . .      Spirit   .   b - +0 scale mail
rPois   .          Reflect  .   (no helmet)
rElec   .          Harm     .   (no cloak)
rCorr   .          Rampage  .   (no gloves)
Will    .....                   (boots currently unavailable)
Stlth   +.........              (no amulet)
HPRegen 0.06/turn               (no ring)
MPRegen 0.07/turn               (no ring)

@: very quick
A: nimble swimmer 2, mertail
a: no special abilities


You were on level 1 of the Dungeon.
You visited 1 branch of the dungeon, and saw 1 of its levels.

Inventory:

Hand Weapons
 a - a +0 trident (weapon)
Armour
 b - a +0 scale mail (worn)
 c - a +0 buckler (worn)
Potions
 d - a potion of might


   Skills:
 + Level 3.4 Fighting
 + Level 3.1 Polearms
 + Level 2.3 Armour
 + Level 3.0 Shields


You couldn't memorise any spells.
You didn't know any spells.
Your spell library was empty.

Dungeon Overview and Level Annotations

Branches:
Dungeon (1/15)

Altars:


Innate Abilities, Weirdness & Mutations

You are very nimble when in or above water. (Stealth+, EV+, Speed+++)
Your lower body shifts to a powerful aquatic tail in water.


Message History

The quokka bites you but does no damage.
You hit the giant cockroach.
The giant cockroach is severely wounded.
The quokka bites you but does no damage.
The giant cockroach bites you but does no damage.
The quokka splashes around in the water.
The giant cockroach bites you but does no damage.
The quokka splashes around in the water.
The giant cockroach bites you but does no damage.
You puncture the giant cockroach!
You kill the giant cockroach!
The quokka closely misses you.
Your legs become a tail as you enter the water.
You start resting.
The quokka twitches its whiskers.
The quokka closely misses you. The quokka bites you.
You block the quokka's attack.
You hit the quokka but do no damage. The kobold hits you with a +0 dagger.
The quokka barely misses you. You block the kobold's attack.
The quokka bites you.
* * * LOW HITPOINT WARNING * * *
You barely miss the quokka. You tail-slap the quokka.
The quokka is heavily wounded.
The quokka bites you.
* * * LOW HITPOINT WARNING * * *
The kobold hits you with a +0 dagger.
* * * LOW HITPOINT WARNING * * *
The quokka bites you.
* * * LOW HITPOINT WARNING * * *
Unknown command.
Unknown command.
Unknown command.
Sorry, you're not good enough to have a special ability.
The quokka closely misses you.
You barely miss the quokka.
The quokka is heavily wounded.
You block the quokka's attack. The kobold hits you but does no damage.
The quokka bites you.
You die...

### .... #≈# #..>.
####### ##≈# ......
#.....###≈≈## .#....
#####.#.†≈@r##.....
####...≈≈≈K...#(# #
#####.......≈≈.....##
..##...#.##..≈≈≈≈......#
.........##.....≈.......#
#....).)...≈≈≈.≈.......
##'###.###..≈≈≈≈....###.
###...#....#≈..≈≈≈.#.##
..#...#....#≈..≈≈..###


You could see a quokka and a kobold.

Vanquished Creatures
  A dart slug (D:1)
  A giant cockroach (D:1)
  A ball python (D:1)
  A kobold (D:1)
4 creatures vanquished.

Vanquished Creatures (others)
  A kobold (D:1)
1 creature vanquished.

Grand Total: 5 creatures vanquished

Notes
Turn   | Place    | Note
-------+----------+-------------------------------------------
     0 | D:1      | cyrus the Merfolk Fighter began the quest for the Orb.
     0 | D:1      | Reached XP level 1. HP: 18/18 MP: 1/1
   316 | D:1      | Slain by a quokka

Illustrated notes

Levels and vault maps discovered:
D:1:      dpeg_arrival_houses_and_road, layout_loops_cross, st_stairs_4,
          chequers_serial_rivers_small_3

Action                   || total
-------------------------++-------
Melee: Trident           ||    16
       Tailslap          ||     1
Armor: Scale mail        ||    15
Dodge: Dodged            ||    17
Block: Buckler           ||     5

Table legend: (Time is in decaauts)
 A = Elapsed time spent in this place.
 B = Non-inter-level travel time spent in this place.
 C = Inter-level travel time spent in this place.
 D = Time resting spent in this place.
 E = Time spent auto-exploring this place.
 F = Levels seen in this place.
 G = Mean time per level.
                   A        B        C        D        E       F      G
               +--------+--------+--------+--------+--------+-----+--------+
         Total |    300 |    300 |      0 |    128 |    104 |   1 |  300.0 |
       Dungeon |    300 |    300 |      0 |    128 |    104 |   1 |  300.0 |
               +--------+--------+--------+--------+--------+-----+--------+

Top non-repeatable levels by time:
     D:1: 300 daAuts
